 Dungeon Crawl Stone Soup version 0.28-b1-38-gff268fdeb9 (webtiles) character file.

Game seed: 18331861949570102592

56 Descartes the Sneak (level 3, -1/16 HPs)
             Began as a Felid Warper on Feb 3, 2022.
             Slain by an adder (3 damage)
             ... on level 2 of the Dungeon.
             The game lasted 00:03:24 (3340 turns).

Descartes the Sneak (Felid Warper)                  Turns: 3340, Time: 00:03:25

Health: -1/16      AC:  1    Str:  9    XL:     3   Next: 71%
Magic:  7/7        EV: 18    Int: 14    God:
Gold:   117        SH:  0    Dex: 15    Spells: 6/6 levels left
                                        Lives:  0   Deaths: 1

rFire   . . .      SeeInvis +     - Unarmed
rCold   . . .      Faith    .   (shield unavailable)
rNeg    . . .      Spirit   .   (armour unavailable)
rPois   .          Reflect  .   (helmet unavailable)
rElec   .          Harm     .   (cloak unavailable)
rCorr   .          Rampage  .   (gloves unavailable)
Will    .....                   (boots unavailable)
Stlth   +++.......              (no amulet)
HPRegen 0.05/turn               (no ring)
MPRegen 0.10/turn               (no ring)

@: lethally poisoned (-1 -> -2), quick
A: very small, claws 1, fangs 3, see invisible, speed 1, shaggy fur 1, stealthy
paws, no weapons or thrown items, no armour, multi-lived
a: no special abilities


You were on level 2 of the Dungeon.
You visited 1 branch of the dungeon, and saw 3 of its levels.

You collected 117 gold pieces.

Inventory:

Missiles
 c - 27 stones
Scrolls
 a - 2 scrolls of blinking
 b - a scroll of teleportation {unknown}
 e - a scroll of summoning {unknown}
 f - a scroll of noise {unknown}
 h - a scroll of identify {unknown}
 i - a scroll of torment {unknown}
Potions
 d - 5 potions of curing {unknown}
 g - a potion of brilliance {unknown}
 j - a potion of magic {unknown}


   Skills:
 - Level 2.0 Fighting
 + Level 3.7 Dodging
 - Level 5.0 Stealth
 + Level 2.3 Unarmed Combat
 - Level 2.0 Spellcasting
 + Level 4.8 Translocations


You had 6 spell levels left.
You didn't know any spells.
Your spell library contained the following spells:

 Spells                   Type           Power      Damage    Failure   Level
 Blink                    Tloc           30%        N/A       4%          2
 Gell's Gravitas          Tloc           15%        N/A       10%         3
 Lesser Beckoning         Tloc           15%        N/A       10%         3
 Teleport Other           Tloc           15%        N/A       10%         3
 Ensorcelled Hibernation  Hex/Ice        2%         N/A       34%         2
 Passwall                 Tmut/Erth      0%         N/A       34%         2
 Swiftness                Air            1%         N/A       56%         3
 Manifold Assault         Tloc           15%        N/A       65%         5


Dungeon Overview and Level Annotations

Branches:
Dungeon (3/15)

Altars:
Hepliaklqana
Wu Jian


Innate Abilities, Weirdness & Mutations

You have sharp claws.
You have razor-sharp teeth.
You have supernaturally acute eyesight. (SInv)
You cover ground quickly. (Speed+)
You are covered in fur. (AC +1)
Your paws help you pounce on unaware monsters.
You are incapable of wielding weapons or throwing items.
You cannot wear armour.
You gain extra lives every three experience levels.


Message History

The orc hits you with a +0 mace!
You are too injured to fight recklessly!
You scratch the orc but do no damage.
The orc is heavily wounded.
The orc completely misses you.
You scratch the orc but do no damage. You claw the orc, but do no damage.
The orc is heavily wounded.
The orc completely misses you.
You barely miss the orc.
The orc is heavily wounded.
The orc closely misses you.
You scratch the orc but do no damage.
The orc is heavily wounded.
The orc barely misses you.
You scratch the orc.
You kill the orc!
HP restored.
Things that are here:
a +0 mace; a +0 scale mail
Things that are here:
a +0 morningstar; 2 boomerangs; a +0 scale mail A worm comes into view.
No reachable target in view!
No reachable target in view!
An adder comes into view.
Found a smoking spear.
Found a grey potion.
The adder hisses angrily.
You miss the adder. Your claw misses the adder. The adder misses you.
You closely miss the adder. Your bite misses the adder. The adder bites you.
You are poisoned.
The adder poisons you! The adder barely misses you.
You scratch the adder but do no damage.
You feel sick. The adder misses you.
You miss the adder.
You feel sick. The adder closely misses you.
You barely miss the adder.
You feel sick. The adder bites you. The adder completely misses you.
You barely miss the adder.
You feel sick. The adder bites you.
* * * LOW HITPOINT WARNING * * *
You barely miss the adder. The adder bites you.
You die...

..#. ####### #.!..
##..## ..##...##....##
...#...#......#
#..##.##..##..####
##..#.#..####..#.#
.#..#.#..#w:#..#.#
#.#..#.#..#S##..#.#
.#...#...#@#..##.#
.#...#...#....##.#
##...#...##..###.#
####....#....######.#
#.###...##.### #.#.# #.#
#.#.##.# #.#.#
####.###.#.##.# ##.#.#
.........#)##.#####)...#
#.........).........#..#


You could see a worm and an adder.

Vanquished Creatures
  Jessica (D:2)
  2 adders
  5 orcs
  4 ball pythons
  7 bats
  4 endoplasms
  2 giant cockroaches
  6 goblins
  3 hobgoblins
  2 quokkas
  2 frilled lizards (D:1)
  2 kobolds
  6 rats
46 creatures vanquished.

Notes
Turn   | Place    | Note
-------+----------+-------------------------------------------
     0 | D:1      | Descartes the Felid Warper began the quest for the Orb.
     0 | D:1      | Reached XP level 1. HP: 9/9 MP: 4/4
    91 | D:1      | Reached skill level 1 in Stealth
   408 | D:1      | Reached skill level 2 in Stealth
   532 | D:1      | Reached XP level 2. HP: 13/13 MP: 6/6
   628 | D:1      | Reached skill level 3 in Stealth
  1191 | D:1      | Found a faded altar of an unknown god.
  1241 | D:2      | Reached skill level 4 in Stealth
  1241 | D:2      | Reached XP level 3. HP: 16/16 MP: 7/7
  1371 | D:2      | Noticed Jessica
  1375 | D:2      | Killed Jessica
  1376 | D:2      | Reached skill level 5 in Stealth
  1775 | D:2      | Reached XP level 4. HP: 19/19 MP: 8/8
  1930 | D:1      | Killed from afar by an orc wizard
  1931 | D:1      | Reached XP level 3. HP: -3/16 MP: 7/7
  2095 | D:3      | Found a hazy altar of Hepliaklqana.
  2924 | D:3      | Found an ornate altar of the Wu Jian Council.
  3340 | D:2      | Slain by an adder

Illustrated notes

Levels and vault maps discovered:
D:1:      heliophobic_arrival_glass_houses, layout_loops_ring,
          hellmonk_ecumenical_altar_inner_sanctum, kennysheep_another_room,
          minivault_25, minmay_split_cup_large
D:2:      layout_loops_ring, minmay_puff, uniq_jessica
D:3:      layout_basic, mainiacjoe_overflow_boulevard, lemuel_tele_altar

Skill      XL: |  1  2  3 |
---------------+----------+-----
Stealth        | 2 4 5 |  5.0
Fighting       | |  2.0
Dodging        | |  3.7
Unarmed Combat | |  2.3
Spellcasting   | |  2.0
Translocations | |  4.8

Action                   |  1- 3 |  4- 6 || total
-------------------------+-------+-------++-------
Melee: Unarmed           |   116 |    14 ||   130
       Punch             |     3 |       ||     3
       Bite              |     7 |     1 ||     8
 Stab: Sleeping          |    10 |     2 ||    12
Armor: Skin              |    12 |       ||    12
Dodge: Dodged            |    81 |    14 ||    95
